 Dungeon Crawl Stone Soup version 0.27-a0-245-g075faa5519 (webtiles) character file.

Game seed: 10242590226756793494

38 KristoblXynda the Slasher (level 3, 30/30 HPs)
             Began as a Draconian Gladiator on Feb 3, 2021.
             Got out of the dungeon alive.
             The game lasted 00:01:21 (1121 turns).

KristoblXynda the Slasher (Draconian Gladiator)     Turns: 1121, Time: 00:01:21

Health: 30/30      AC:  5    Str: 16    XL:     3   Next: 25%
Magic:  3/3        EV: 13    Int:  9    God:
Gold:   93         SH:  0    Dex: 12    Spells: 2/2 levels left

rFire    . . .     SeeInvis .   a - +0 long sword
rCold    . . .     Faith    .   (no shield)
rNeg     . . .     Spirit   .   (armour unavailable)
rPois    .         Reflect  .   b - +0 hat
rElec    .         Harm     .   (no cloak)
rCorr    .         Rampage  .   (no gloves)
Will     .....                  (no boots)
Stlth    +.........             (no amulet)
HPRegen  0.10/turn              (no ring)
MPRegen  0.08/turn              (no ring)

@: no status effects
A: unfitting armour, cold-blooded, AC +5
a: no special abilities


You escaped.
You visited 1 branch of the dungeon, and saw 2 of its levels.

You collected 93 gold pieces.

Inventory:

Hand Weapons
 a - a +0 long sword (weapon)
Missiles
 c - 3 throwing nets (quivered)
Armour
 b - a +0 hat (worn)
Scrolls
 e - a scroll of blinking {unknown}
 f - a scroll of magic mapping {unknown}
 g - 3 scrolls of identify {unknown}
Potions
 d - a potion of cancellation {unknown}
 h - a potion of heal wounds {unknown}


   Skills:
 + Level 2.7 Fighting
 * Level 3.6 Long Blades
 - Level 2.0 Throwing
 + Level 3.0 Dodging


You had 2 spell levels left.
You didn't know any spells.
Your spell library was empty.

Dungeon Overview and Level Annotations

Branches:
Dungeon (2/15)

Altars:


Innate Abilities, Weirdness & Mutations

Your plain brown scales are hard. (AC +5)
You cannot fit into any form of body armour.
You are cold-blooded and may be slowed by cold attacks.


Message History

You feel sick.
You see here an adder corpse.
You feel sick.
You feel sick.
You feel sick.
Unknown command.
You feel sick.
You feel sick.
You are no longer poisoned.
There is a stone staircase leading up here.
Unknown command.
You climb upwards.
There is a stone staircase leading down here.
You start resting.
You start resting.
HP restored.
Sorry, I don't know how to traverse that place.
There is a staircase leading out of the dungeon here.
Are you sure you want to leave the Dungeon?
This will make you lose the game!
You have escaped!

.# ###.#.............## .#
###......###...###...## .#
##...#....#......>#....# .##
##..####...#.......#....##
..###..## #.#.............#..#
#.....## #.#......#......#..#
...########.#.............#..#
..### ##.......#.......#....##
#)..###........#@......#.....#
......>........###...###.....#
........#####.............#..##
.#.##.#..## #.............#...#
.#..#.##..#####...###...###)..#
.##...........#.### ####.##.###
..............#.# #.##.#
####..........#.########.##.#
##.........................#


There were no monsters in sight!

Vanquished Creatures
  An adder (D:2)
  An ooze (D:1)
  A giant cockroach (D:1)
  2 goblins (D:1)
  2 hobgoblins (D:1)
  5 kobolds (D:1)
  A ball python (D:1)
  3 bats (D:1)
  4 frilled lizards
  6 rats (D:1)
26 creatures vanquished.

Notes
Turn   | Place    | Note
-------+----------+-------------------------------------------
     0 | D:1      | KristoblXynda the Draconian Gladiator began the quest for
                  | the Orb.
     0 | D:1      | Reached XP level 1. HP: 17/17 MP: 1/1
   149 | D:1      | Reached XP level 2. HP: 16/25 MP: 2/2
   838 | D:2      | Reached XP level 3. HP: 27/30 MP: 3/3
  1121 | D:$      | Got out of the dungeon alive.

Illustrated notes

Levels and vault maps discovered:
D:1:      minmay_arrival_open_corners, layout_rooms
D:2:      layout_basic, grunt_dithmenos_smoke_and_mirrors

Skill      XL: |  1  2 |
---------------+-------+-----
Throwing       | 2 |  2.0
Dodging        | 3 |  3.0
Fighting       | |  2.7
Long Blades    | |  3.6

Action                   || total
-------------------------++-------
Melee: Long sword        ||    72
       Tailslap          ||    10
 Stab: Sleeping          ||     1
Armor: Skin              ||    29
Dodge: Dodged            ||    66
       Rpst.: Long sword ||    19

Table legend: (Time is in decaauts)
 A = Elapsed time spent in this place.
 B = Non-inter-level travel time spent in this place.
 C = Inter-level travel time spent in this place.
 D = Time resting spent in this place.
 E = Time spent auto-exploring this place.
 F = Levels seen in this place.
 G = Mean time per level.
                   A        B        C        D        E       F      G
               +--------+--------+--------+--------+--------+-----+--------+
         Total |   1138 |   1103 |     35 |    194 |    710 |   2 |  569.0 |
       Dungeon |   1138 |   1103 |     35 |    194 |    710 |   2 |  569.0 |
               +--------+--------+--------+--------+--------+-----+--------+

Top non-repeatable levels by time:
     D:1: 1063 daAuts
     D:2: 75 daAuts
